AoeStats
← Caga Mole

Black Forest

510727127Analyzed
4v4 RM · 12h ago on Oct 2, 2026· 49m 52s· 8 players
Game mode
Random Map
Map size
Large (8 player)
Population
200
Speed
Normal
Resources
Standard
Victory
Conquest
Starting age
Dark Age
Ending age
Imperial Age
RankedLock teamsTeams togetherTeam positionsShared explorationLock speedFull tech treeHidden civsTurbo modeCheats
Victory
Defeat
🇦🇺 Mongols · Australia
1547
+9
🇦🇺 Japanese · Australia
1535
+9
🇦🇺 Khitans · Australia
1459
+12
🇨🇭 Vikings · Switzerland
1441
+13
🇻🇳 Teutons · Vietnam
1415
-12
🇪🇸 Romans · Spain
1405
-12
🇳🇱 Chinese · Netherlands
1346
-10
🇧🇷 Berbers · Brazil
1334
-9
OTTIS21
10:49 Feudal Age
16:16 Castle Age
14:22 Double-Bit Axe
14:30 Horse Collar
17:19 Bow Saw
21:43 Wheelbarrow
22:37 Heavy Plow
23:23 Hand Cart
23:39 Fervor
23:56 Stone Mining
23:56 Gold Mining
24:38 Caravan
26:07 Gold Shaft Mining
28:58 Imperial Age
27:39 Scale Barding Armor
27:44 Forging
27:36 Scale Mail Armor
27:47 Forging
27:11 Man-at-Arms
27:51 Squires
28:36 Chain Mail Armor
28:03 Long Swordsman
29:45 Iron Casting
29:12 Onager
30:21 Conscription
30:16 Legionary
32:24 Pikeman
34:04 Loom
34:05 Town Watch
35:52 Comitatenses
35:11 Halberdier
sdk
0:42 Loom
10:49 Feudal Age
11:43 Double-Bit Axe
12:57 Fishing Lines
22:13 Castle Age
21:37 Wheelbarrow
20:47 Town Watch
23:42 Wheelbarrow
22:52 Town Watch
24:23 Bow Saw
25:23 Gillnets
29:22 Imperial Age
27:41 Hand Cart
28:52 Stone Mining
28:56 Gold Mining
30:10 Scale Mail Armor
30:42 Forging
30:53 Conscription
31:42 Two-Man Saw
31:19 Gold Shaft Mining
31:21 Stone Shaft Mining
30:11 Elite Fire Lancer
30:51 Squires
30:37 Arson
32:23 Fortified Wall
32:35 Great Wall
33:36 Ballistics
32:49 Heavy Scorpion
34:37 Rocketry
34:35 Caravan
36:16 Chemistry
35:29 Masonry
35:35 Fletching
36:22 Iron Casting
35:48 Scale Mail Armor
36:17 Bodkin Arrow
37:41 Hand Cart
39:20 Architecture
38:45 Murder Holes
39:57 Bracer
40:58 Blast Furnace
40:14 Chain Mail Armor
41:15 Padded Archer Armor
41:48 Plate Mail Armor
42:48 Town Patrol
Caga Mole
0:37 Loom
10:13 Feudal Age
10:16 Man-at-Arms
14:55 Town Watch
14:56 Double-Bit Axe
17:56 Fishing Lines
23:35 Castle Age
23:46 Horse Collar
24:30 Bow Saw
24:21 Gillnets
26:04 Wheelbarrow
25:31 Heavy Plow
27:44 Hand Cart
29:35 Kasbah
30:57 Gold Mining
31:12 Stone Mining
31:49 Scale Barding Armor
31:46 Husbandry
31:44 Fletching
32:47 Forging
33:10 Bloodlines
33:57 Ballistics
37:53 Imperial Age
36:07 Chain Barding Armor
38:35 Iron Casting
39:35 Plate Barding Armor
40:22 Chemistry
39:11 Heavy Camel Rider
40:53 Blast Furnace
nhathuynh.eco
6:28 Loom
9:53 Feudal Age
15:33 Double-Bit Axe
22:24 Castle Age
20:10 Horse Collar
20:23 Gold Mining
23:23 Wheelbarrow
24:19 Bow Saw
27:49 Imperial Age
26:30 Hand Cart
31:14 Town Watch
30:54 Cavalier
31:45 Bloodlines
31:46 Forging
31:42 Scale Barding Armor
33:30 Iron Casting
34:00 Chain Barding Armor
35:47 Caravan
38:09 Plate Barding Armor
38:36 Blast Furnace
38:07 Paladin
Schlumpf
1:34 Loom
11:34 Feudal Age
13:01 Double-Bit Axe
14:42 Town Watch
18:08 Castle Age
16:18 Horse Collar
18:21 Fishing Lines
21:01 Bow Saw
22:13 Heavy Plow
22:45 Stone Mining
25:07 Gold Mining
25:45 Fletching
27:20 Squires
27:17 Bodkin Arrow
27:20 Crossbowman
28:13 Fortified Wall
29:30 Padded Archer Armor
32:35 Imperial Age
31:41 Leather Archer Armor
33:29 Bracer
32:50 Arbalester
33:58 Town Patrol
35:04 Two-Man Saw
34:38 Crop Rotation
36:04 Ring Archer Armor
35:57 Ballistics
37:52 Chemistry
42:05 Conscription
42:21 Hoardings
48:44 Spies/Treason
bobbitshobbits
12:12 Feudal Age
15:48 Castle Age
13:43 Double-Bit Axe
18:02 Bow Saw
17:39 Fishing Lines
17:51 Horse Collar
20:46 Heavy Plow
21:10 Gillnets
21:49 Gold Mining
22:56 Wheelbarrow
24:45 Loom
28:30 Imperial Age
26:16 Hand Cart
27:30 Scale Barding Armor
27:36 Forging
28:09 Bloodlines
28:33 Husbandry
29:23 Chain Barding Armor
29:39 Iron Casting
28:53 Onager
29:57 Elite Steppe Lancer
31:11 Nomads
31:31 Conscription
34:41 Siege Engineers
34:38 Light Cavalry
36:49 Siege Onager
38:47 Drill
38:44 Caravan
40:12 Hussar
42:23 Blast Furnace
43:29 Fletching
Uncle Iroh
8:30 Loom
10:38 Feudal Age
14:34 Castle Age
12:35 Double-Bit Axe
13:04 Domestication
15:28 Bow Saw
17:49 Pastoralism
21:48 Wheelbarrow
21:46 Gold Mining
22:09 Stone Mining
23:58 Stone Shaft Mining
24:55 Hand Cart
26:18 Arson
26:33 Squires
26:19 Gambesons
29:14 Imperial Age
27:00 Scale Mail Armor
27:11 Forging
28:12 Lamellar Armor
28:25 Chain Mail Armor
29:42 Iron Casting
30:06 Siege Engineers
30:51 Conscription
30:01 Capped Ram
32:53 Elite Liao Dao
34:05 Plate Mail Armor
35:52 Chemistry
35:09 Caravan
36:13 Heavy Rocket Cart
Saintly
2:42 Loom
12:18 Feudal Age
16:35 Double-Bit Axe
19:12 Castle Age
22:09 Bow Saw
22:09 Fishing Lines
25:03 Fortified Wall
25:31 Fletching
26:14 Guard Tower
27:23 Bodkin Arrow
27:35 Treadmill Crane
32:10 Imperial Age
30:17 Masonry
30:48 Murder Holes
31:14 Ballistics
30:55 Padded Archer Armor
31:47 Wheelbarrow
30:58 Town Watch
31:06 Gold Mining
31:06 Stone Mining
32:54 Hand Cart
33:32 Keep
33:58 Chemistry
32:43 Arrowslits
33:19 Conscription
33:07 Yasama
33:25 Leather Archer Armor
34:11 Bracer
34:41 Ring Archer Armor
35:08 Thumb Ring
35:29 Parthian Tactics
35:15 Yasama
35:37 Caravan
36:08 Coinage
36:53 Kataparuto
37:14 Hoardings
37:02 Arrowslits
37:07 Heavy Cavalry Archer
43:58 Two-Man Saw
45:45 Banking
Connection lost

Rejoining the realm…

Still unreachable

The connection could not be restored.

Session expired

The server has moved on; the page needs a fresh start.